 Dungeon Crawl Stone Soup version 0.16.0-17-g811c1d7 (webtiles) character file.

6085 aerikr the Fighter (level 10, -1/96 HPs)
             Began as a Hill Orc Fighter on Mar 21, 2015.
             Was a High Priest of Okawaru.
             Slain by a nine-headed hydra (9 damage)
             ... on level 13 of the Dungeon.
             The game lasted 01:09:21 (7820 turns).

aerikr the Fighter (Hill Orc Fighter)               Turns: 7820, Time: 01:09:21

Health: -1/96      AC: 12    Str: 23    XL:     10   Next: 88%
Magic:  10/10      EV:  8    Int:  8    God:    Okawaru [*****.]
Gold:   486        SH: 14    Dex: 10    Spells: 0 memorised, 9 levels left

rFire  . . .     SeeInvis .     x - +0 falchion (distort)
rCold  + . .     Clarity  .     b - +0 scale mail
rNeg   . . .     SustAb   .     c - +3 shield
rPois  .         Gourm    .     o - +0 helmet
rElec  .         Spirit   .     k - +0 cloak
rCorr  +         Warding  .     (no gloves)
rMut   .         Rnd*Tele +     n - +0 pair of boots
MR     +....                    S - amulet of resist corrosion
Stlth  ..........               (no ring)
                                d - ring of protection from magic

@: somewhat resistant to hostile enchantments, extremely unstealthy
A: cold resistance 1, teleportitis 1
a: Heroism, Finesse, Renounce Religion


You were on level 13 of the Dungeon.
You worshipped Okawaru.
Okawaru was extremely pleased with you.
You were full.

You visited 2 branches of the dungeon, and saw 14 of its levels.

You collected 555 gold pieces.
You spent 69 gold pieces at shops.

Inventory:

Hand weapons
 a - a +1 long sword
 g - a +2 dagger of electrocution
 v - a -2 spear
 x - a +0 falchion of distortion (weapon)
 z - a +0 dire flail
 E - a +2 short sword of flaming
 F - a +1 trident of piercing
 G - a +0 flail of draining
 I - a +2 dagger of protection
 L - a +2 hand axe of freezing
 V - a +2 hand axe of freezing
Armour
 b - a +0 scale mail (worn)
 c - a +3 shield (worn)
 k - a +0 cloak (worn)
 n - a +0 pair of boots (worn)
 o - a +0 helmet (worn)
 A - a +0 chain mail
Jewellery
 d - a ring of protection from magic (left hand)
 P - a cursed ring of teleportation
 R - an uncursed ring of invisibility
 S - an amulet of resist corrosion (around neck)
 U - an uncursed ring of flight
Magical devices
 h - a wand of flame (36)
 w - a wand of digging (19)
 B - a wand of slowing (21)
 C - a wand of frost (18)
 D - a wand of random effects (25)
 H - a wand of slowing (19)
Scrolls
 j - a scroll of identify
 m - a scroll of magic mapping
 s - 2 scrolls of amnesia
 y - 4 scrolls of teleportation
 O - a scroll of remove curse
 T - a scroll of blinking {unknown}
Potions
 t - 2 potions of brilliance
 M - a potion of flight
 N - a potion of restore abilities
Books
 K - a Grand Grimoire {highlevel, unknown}

   This book is beyond your current level of understanding.

   Spells                             Type                      Level
   a - Aura of Abjuration             Summoning                    6
   b - Summon Greater Demon           Summoning                    7
   c - Malign Gateway                 Summoning/Translocation      7
   d - Summon Horrible Things         Summoning                    8
Comestibles
 l - 5 bread rations
 q - 4 meat rations
 J - 5 fruits


   Skills:
 + Level 11.4 Fighting
 + Level 9.5 Long Blades
 + Level 8.4 Armour
 + Level 8.6 Shields


You had 9 spell levels left.
You didn't know any spells.

Dungeon Overview and Level Annotations

Branches:
Dungeon (13/15)            Temple (1/1) D:4
   Lair: D:8-11         Orc: D:9-12      Vaults: D:13-14

Altars:
Ashenzari
Cheibriados
Dithmenos
Elyvilon
Fedhas
Gozag
Makhleb
Nemelex Xobeh
Okawaru
Qazlal
Ru
Sif Muna
Yredelemnul
Zin

Shops:
D:5 (

Portals:
Labyrinth: D:12


Innate Abilities, Weirdness & Mutations

Your flesh is cold resistant.
Space occasionally distorts in your vicinity.


Message History

* * * LOW HITPOINT WARNING * * *
The eight-headed hydra bites you.
* * * LOW HITPOINT WARNING * * *
The eight-headed hydra bites you!
* * * LOW HITPOINT WARNING * * *
You block the eight-headed hydra's attack. x2
The eight-headed hydra bites you.
* * * LOW HITPOINT WARNING * * *
Unknown command.
You barely miss the eight-headed hydra.
The eight-headed hydra is heavily wounded.
The centaur warrior wields a longbow.
The centaur warrior shoots an arrow.
You block the arrow.
A centaur warrior comes into view. It is wielding a longbow.
You chop one of the eight-headed hydra's heads off!
The seven-headed hydra grows two more!
You slash the nine-headed hydra!
The nine-headed hydra looks slightly unstable.
The nine-headed hydra is heavily wounded.
You block the ice beast's attack. The nine-headed hydra bites you!
You die...

..........
..... ...c
.... #..#
#..# #..#
#Y§# #.@#
#.D# #..#
#..# #..#
#..# #..#
####


You could see a nine-headed hydra, a centaur warrior and an ice beast.

Vanquished Creatures
  A deep elf knight (D:10)
  A hill giant (D:10)
  A troll (D:9)
  A two-headed ogre (D:12)
  The ghost of Virusyak the Slasher, an average NaGl (D:3)
  A hungry ghost (D:11)
  An orc warrior (D:8)
  A phantom (D:6)
  A black bear (D:8)
  2 centaurs
  A necrophage (D:8)
  Duvessa (D:8)
  6 ogres
  6 giant frogs
  A gnoll sergeant (D:12)
  A scorpion (D:8)
  13 killer bees
  4 crimson imps
  A goliath beetle (D:7)
  Dowan (D:8)
  5 jellies
  A lava snake (D:11)
  4 hounds
  6 orc wizards
  A centaur skeleton (D:4)
  4 orc priests
  An iguana (D:6)
  3 worker ants
  7 adders
  9 gnolls
  A shadow imp (D:6)
  A worm (D:3)
  An adder zombie (D:5)
  4 giant geckos
  33 orcs
  A bat skeleton (D:6)
  7 giant cockroaches
  14 hobgoblins
  10 jackals
  19 kobolds
  5 quokkas
  A ball python (D:1)
  9 bats
  A giant gecko skeleton (D:5)
  7 giant newts
  15 goblins
  A jackal skeleton (D:5)
  A quokka zombie (D:5)
  16 rats
  2 plants (D:7)
236 creatures vanquished.

Vanquished Creatures (others)
  A stone giant (D:10)
  A sky beast (D:8)
  2 giant frogs (D:6)
  3 killer bees
  A jelly (D:11)
  An orc wizard (D:5)
  A gnoll (D:9)
  A hobgoblin (D:5)
  A plant (D:7)
12 creatures vanquished.

Grand Total: 248 creatures vanquished

Notes
Turn   | Place    | Note
--------------------------------------------------------------
     0 | D:1      | aerikr, the Hill Orc Fighter, began the quest for the Orb.
     0 | D:1      | Reached XP level 1. HP: 19/19 MP: 1/1
   283 | D:1      | Reached skill level 4 in Fighting
   283 | D:1      | Reached XP level 2. HP: 27/27 MP: 2/2
   789 | D:2      | Reached XP level 3. HP: 31/33 MP: 3/3
  1321 | D:2      | Found an iron altar of Okawaru.
  1344 | D:2      | Became a worshipper of Warmaster Okawaru
  1402 | D:2      | Reached XP level 4. HP: 24/41 MP: 4/4
  1483 | D:3      | Reached skill level 5 in Fighting
  1738 | D:3      | Reached XP level 5. HP: 33/48 MP: 5/5
  1951 | D:3      | Noticed Virusyak's ghost (average NaGl)
  2383 | D:3      | Killed Virusyak's ghost
  2383 | D:3      | Acquired Okawaru's first power
  2383 | D:3      | Reached skill level 6 in Fighting
  2383 | D:3      | Reached XP level 6. HP: 35/58 MP: 6/6
  2571 | D:4      | Found a basalt altar of Yredelemnul.
  3032 | D:4      | Reached skill level 5 in Long Blades
  3034 | D:4      | Reached XP level 7. HP: 61/64 MP: 7/7
  3253 | D:4      | Found a staircase to the Ecumenical Temple.
  3282 | Temple   | Entered the Ecumenical Temple
  3392 | D:5      | Entered Level 5 of the Dungeon
  3458 | D:5      | Found Situimo's Antique Weapon Shoppe.
  3470 | D:5      | Bought a runed falchion for 69 gold pieces
  3524 | D:5      | Reached skill level 7 in Fighting
  3839 | D:5      | Found a white marble altar of Elyvilon.
  4539 | D:6      | Found a deep blue altar of Sif Muna.
  4591 | D:6      | Reached skill level 8 in Fighting
  4591 | D:6      | Reached XP level 8. HP: 62/74 MP: 8/8
  4857 | D:7      | Reached skill level 5 in Armour
  5072 | D:7      | Reached skill level 5 in Shields
  5084 | D:7      | Reached skill level 9 in Fighting
  5528 | D:8      | Noticed Dowan
  5529 | D:8      | Noticed Duvessa
  5540 | D:8      | Reached XP level 9. HP: 81/84 MP: 9/9
  5603 | D:8      | Killed Dowan
  6125 | D:8      | Found a shadowy altar of Dithmenos.
  6260 | D:8      | Reached skill level 10 in Fighting
  6358 | D:8      | Found a sparkling altar of Nemelex Xobeh.
  6379 | D:8      | Killed Duvessa
  6916 | D:9      | Reached XP level 10. HP: 94/94 MP: 10/10
  7136 | D:10     | Entered Level 10 of the Dungeon
  7146 | D:10     | Noticed a stone giant
  7146 | D:10     | Noticed a deep elf knight
  7156 | D:10     | Killed a deep elf knight
  7158 | D:10     | Banished a stone giant
  7158 | D:10     | Reached skill level 11 in Fighting
  7173 | D:10     | Noticed a hill giant
  7179 | D:10     | Killed a hill giant
  7179 | D:10     | Acquired Okawaru's second power
  7604 | D:12     | Found a labyrinth entrance.
  7788 | D:13     | Gained mutation: Your mind is acute. (Int +2) [potion of beneficial mutation]
  7790 | D:13     | Lost mutation: Your mind is acute. (Int +2) [potion of mutation]
  7790 | D:13     | Gained mutation: Your flesh is cold resistant. [potion of mutation]
  7790 | D:13     | Gained mutation: Space occasionally distorts in your vicinity. [potion of mutation]
  7816 | D:13     | Noticed a seven-headed hydra
  7820 | D:13     | Noticed a centaur warrior
  7820 | D:13     | Slain by a nine-headed hydra

Action                   |  1- 3 |  4- 6 |  7- 9 | 10-12 || total
-------------------------+-------+-------+-------+-------++-------
Melee: Long sword        |   152 |   130 |    12 |       ||   294
       Spear             |       |    47 |       |       ||    47
       Falchion          |       |       |   375 |    94 ||   469
  Use: Potion            |       |     8 |     6 |     5 ||    19
       Scroll            |       |     8 |     9 |     5 ||    22
  Eat: Meat ration       |     1 |     1 |     1 |     1 ||     4
       Bread ration      |       |       |     1 |       ||     1
       Royal jelly       |       |       |     1 |       ||     1
       Beef jerky        |       |       |     1 |       ||     1
